cohdb
Replays
Latest Replays
All Replays
Popular Replays
Top Player Replays
Match Explorer
How It Works
Community
CoH3 Stats
Reddit
Sign in to upload your games and track your stats! →
Sign in with Steam
Match 41873817
Unlisted
Match 41873817
Overview
Messages
Build Orders
End
Kettenkrad Recon Vehicle
Construct Infanterie Kompanie
Selects Terror Battlegroup
MG 42 Machine Gun Team
Grenadier Squad
GrW 34 Mortar Team
Construct Luftwaffe Kompanie
Support Elements
MG 42 Bunker
Jäger Squad
Wirbelwind Flakpanzer
Construct Panzergrenadier Kompanie
Selects Contempt for the Weak
251 Medium Carrier
Selects Propaganda Leaflet Drop
Nebelwerfer 42 Rocket Launcher Team
StuG III G Assault Gun
Selects V1 Rocket Strike
251 Medium Carrier
Construct Panzer Kompanie
Propaganda Leaflet Drop
MG 42 Bunker
Panzer IV Medium Tank
Selects Machine Gun Camouflage
Selects Defend the Fatherland
Propaganda Leaflet Drop
Side Skirts
Pioneer Squad
Pak 40 Anti-tank Gun Team
Guderian ITA
Fajolada
Marchino
niholo
MeatMan
Hanseatic_Hazard
0
0
Comments
sign in to comment!
No comments posted yet!